 Dungeon Sprint DCSS version 0.27-a0-732-ga892ba84f6 (webtiles) character file.

Game seed: 11387055635268660978

592 Gunch the Grappler (level 7, -1/75 HPs)
             Began as a Troll Hunter on Mar 23, 2021.
             Was a High Priest of Jiyva.
             Slain by Sonja
             ... wielding a +0 short sword of distortion
              (3 damage)
             ... in the Dungeon (Sprint I: "Red Sonja").
             The game lasted 00:01:24 (173 turns).

Gunch the Grappler (Troll Hunter)                    Turns: 173, Time: 00:01:25

Health: -1/75      AC:  3    Str: 23    XL:     7   Next: 16%
Magic:  6/6        EV: 11    Int:  7    God:    Jiyva [*****.]
Gold:   313        SH:  0    Dex: 10    Spells: 6/6 levels left

rFire    . . .     SeeInvis .     - Unarmed
rCold    . . .     Faith    .   (no shield)
rNeg     . . .     Spirit   .   b - +0 robe
rPois    .         Reflect  .   (helmet restricted)
rElec    .         Harm     .   (no cloak)
rCorr    +         Rampage  .   (gloves unavailable)
Will     .....     NoTele   +   (boots unavailable)
Stlth    +.........             (no amulet)
HPRegen  1.22/turn              (no ring)
MPRegen  0.10/turn              (no ring)

@: lethally poisoned (-1 -> -1), slowed, very slow
A: large, unfitting armour, claws 3, regeneration 1, shaggy fur 1, tough skin 1,
pseudopods 1, sturdy frame 1
a: Renounce Religion, Request Jelly, Slimify, Cure Bad Mutation


You were in the Dungeon.
You worshipped Jiyva.
Jiyva was extremely pleased with you.
You visited 1 branch You collected 313 gold pieces.

Inventory:

Armour
 b - a +0 robe (worn)
Wands
 a - a wand of flame (13)
Scrolls
 j - a scroll of blinking
Potions
 e - a potion of curing
 f - a potion of heal wounds
 g - a potion of haste
 h - 2 potions of magic
 i - a potion of berserk rage


   Skills:
 + Level 6.0 Fighting
 + Level 7.3 Throwing
 + Level 6.0 Dodging
 - Level 0.3 Stealth
 * Level 9.8 Unarmed Combat


You had 6 spell levels left.
You didn't know any spells.
Your spell library was empty.

Dungeon Overview and Level Annotations

Branches:
Dungeon (1/1)

Altars:
Cheibriados
Dithmenos
Elyvilon
Fedhas
Gozag
Hepliaklqana
Kikubaaqudgha
Makhleb
Nemelex Xobeh
Okawaru
Qazlal
Ru
Sif Muna
Trog
Uskayaw
Vehumet
Wu Jian
Xom
Yredelemnul
Zin
The Shining One
Jiyva
Lugonu

Shops:
D (

Annotations:
D Sonja


Innate Abilities, Weirdness & Mutations

You are too large for most types of armour.
You have claws for hands.
Your natural rate of healing is unusually fast.
You are covered in fur. (AC +1)
You have tough skin. (AC +1)
Armour fits poorly on your pseudopods.
Your movements are slightly less encumbered by armour. (ER -2)


Message History

You hear a distant slurping noise.
You feel better.
Sonja struggles against the net.
Sonja struggles against the net.
You hear a distant slurping noise.
Jiyva alters your body. Pseudopods emerge from your body.
Jiyva appreciates your sacrifice.
Sonja struggles against the net.
Sonja struggles against the net.
The net rips apart, and Sonja comes free!
You hear a slurping noise.
You feel better.
There is an open door here.
Sonja mumbles some strange words.
Sonja blinks!
Sonja throws a curare-tipped dart.
The curare-tipped dart hits you.
You are poisoned.
You have difficulty breathing.
You feel yourself slow down.
Throw: throwing net
Press: ? - help, Q - select action, (/) - cycle Shift-Dir - straight line, f/p - Sonja
Aim: Sonja, wielding a +0 short sword of distortion and quivering curare-tipped darts (16% to hit)
You throw a throwing net.
The throwing net completely misses Sonja.
You feel extremely sick.
You hear a distant slurping noise.
Jiyva appreciates your sacrifice.
You feel better.
You miss Sonja. Your bludgeon misses Sonja.
You feel sick. Sonja barely misses you. x4
Sonja hits you with a +0 short sword of distortion!
Space bends around you!
Sonja hits you with a +0 short sword of distortion.
You barely miss Sonja.
You feel sick.
Sonja hits you with a +0 short sword of distortion. x2
Space warps horribly around you!!
* * * LOW HITPOINT WARNING * * *
Sonja hits you with a +0 short sword of distortion.
* * * LOW HITPOINT WARNING * * *
Space bends around you.
You die...

###################
#<.#.))..#..'..#__#
#..'..#..').#..J..+
#..#####'#####'#__#
#..## #..#...#.####
#..#__####.@##.#§§≈
#..#_____##K#_..§≈≈
#⌠⌠#_.∩..†G..._#
####_..__##_.#+#
#_____ ##'# ######
.# .. ..# .##


You could see Sonja and a neutral floating eye (wandering) (fellow slime).

Vanquished Creatures
  A slime creature (D)
  Sigmund (D)
  A yak (D)
  An ogre (D)
  Ijyb (D)
5 creatures vanquished.

Vanquished Creatures (others)
  A hydra (D)
  2 floating eyes (D)
  A necrophage (D)
  10 jellies (D)
14 creatures vanquished.

Grand Total: 19 creatures vanquished

Notes
Turn   | Place    | Note
-------+----------+-------------------------------------------
     0 | D        | Gunch the Troll Hunter began the quest for the Orb.
     0 | D        | Reached XP level 1. HP: 19/19 MP: 0/0
     2 | D        | Noticed Ijyb
    17 | D        | Killed Ijyb
    18 | D        | Reached skill level 3 in Unarmed Combat
    18 | D        | Reached XP level 2. HP: 24/29 MP: 1/1
    23 | D        | Noticed an ogre
    28 | D        | Killed an ogre
    29 | D        | Reached skill level 5 in Throwing
    29 | D        | Reached skill level 5 in Unarmed Combat
    29 | D        | Reached XP level 3. HP: 39/39 MP: 2/2
    29 | D        | Reached XP level 4. HP: 48/48 MP: 3/3
    33 | D        | Noticed Sigmund
    36 | D        | Killed Sigmund
    37 | D        | Reached skill level 7 in Unarmed Combat
    37 | D        | Reached XP level 5. HP: 38/55 MP: 4/4
    37 | D        | Reached XP level 6. HP: 45/65 MP: 5/5
    82 | D        | Found a burning altar of Makhleb.
    82 | D        | Found a shimmering altar of Xom.
    82 | D        | Noticed a slime creature
    83 | D        | Found a viscous altar of Jiyva.
    83 | D        | Found a corrupted altar of Lugonu.
    91 | D        | Killed a slime creature
    92 | D        | Reached skill level 5 in Fighting
    92 | D        | Reached skill level 5 in Dodging
    92 | D        | Reached skill level 9 in Unarmed Combat
   127 | D        | Became a worshipper of Jiyva Jicur the Shapeless
   129 | D        | Found an ornate altar of the Wu Jian Council.
   129 | D        | Found a shimmering blue altar of Sif Muna.
   131 | D        | Found a radiant altar of Vehumet.
   135 | D        | Reached * piety under Jiyva
   139 | D        | Reached ** piety under Jiyva
   140 | D        | Reached *** piety under Jiyva
   147 | D        | Gained mutation: Your movements are slightly less
                  | encumbered by armour. (ER -2) [Jiyva's grace]
   147 | D        | Reached **** piety under Jiyva
   151 | D        | Found Duicw's Weapon Emporium.
   151 | D        | Found an ancient bone altar of Kikubaaqudgha.
   151 | D        | Found a hazy altar of Hepliaklqana.
   151 | D        | Found a hide-covered altar of Uskayaw.
   151 | D        | Found a basalt altar of Yredelemnul.
   151 | D        | Found an opulent altar of Gozag.
   151 | D        | Found a snail-covered altar of Cheibriados.
   151 | D        | Found a sacrificial altar of Ru.
   151 | D        | Found a shadowy altar of Dithmenos.
   151 | D        | Noticed a yak
   152 | D        | Found a stormy altar of Qazlal.
   152 | D        | Found a blossoming altar of Fedhas.
   152 | D        | Found a bloodstained altar of Trog.
   152 | D        | Found an iron altar of Okawaru.
   152 | D        | Found a glowing golden altar of the Shining One.
   152 | D        | Found a glowing silver altar of Zin.
   152 | D        | Found a white marble altar of Elyvilon.
   152 | D        | Killed a floating eye
   153 | D        | Noticed a floating eye
   155 | D        | Killed a floating eye
   157 | D        | Killed a yak
   158 | D        | Reached XP level 7. HP: 74/75 MP: 6/6
   158 | D        | Found a sparkling altar of Nemelex Xobeh.
   162 | D        | Noticed Sonja
   162 | D        | Reached ***** piety under Jiyva
   166 | D        | Killed a 12-headed hydra
   168 | D        | Gained mutation: Armour fits poorly on your pseudopods.
                  | [Jiyva's grace]
   173 | D        | HP: 2/75 [Sonja/+0 short sword of distortion (5)]
   173 | D        | Slain by Sonja

Illustrated notes

Levels and vault maps discovered:
D:        dungeon_sprint_1 [red_sonja_temple_1, red_sonja_temple_small_1]

Skill      XL: |  1  2  3  4  5  6 |
---------------+-------------------+-----
Fighting       | 2 3 4 6 |  6.0
Throwing       | 4 5 6 7 |  7.3
Dodging        | 2 3 4 6 |  6.0
Unarmed Combat | 3 5 7 9 |  9.8
Stealth        | |  0.3

Action                   |  1- 3 |  4- 6 |  7- 9 || total
-------------------------+-------+-------+-------++-------
Melee: Unarmed           |    17 |    13 |     2 ||    32
Throw: Large rock        |     1 |     3 |     4 ||     8
       Throwing net      |       |       |     2 ||     2
 Stab: Sleeping          |       |     1 |       ||     1
Armor: Robe              |       |     1 |       ||     1
Dodge: Dodged            |    10 |     5 |    10 ||    25

Table legend: (Time is in decaauts)
 A = Elapsed time spent in this place.
 B = Non-inter-level travel time spent in this place.
 C = Inter-level travel time spent in this place.
 D = Time resting spent in this place.
 E = Time spent auto-exploring this place.
 F = Levels seen in this place.
 G = Mean time per level.
                   A        B        C        D        E       F      G
               +--------+--------+--------+--------+--------+-----+--------+
         Total |    176 |    176 |      0 |     48 |      0 |   1 |  176.0 |
       Dungeon |    176 |    176 |      0 |     48 |      0 |   1 |  176.0 |
               +--------+--------+--------+--------+--------+-----+--------+

Top non-repeatable levels by time:
       D: 176 daAuts
